 Dungeon Crawl Stone Soup version 0.21.1-1-g345015f (webtiles) character file.

53 inc the Scratcher (level 3, 0/15 HPs)
             Began as a Felid Transmuter on Feb 25, 2018.
             Slain by a leopard gecko (4 damage)
             ... on level 2 of the Dungeon.
             The game lasted 00:03:30 (1587 turns).

inc the Scratcher (Felid Transmuter)                Turns: 1587, Time: 00:03:31

Health: 0/15       AC:  1    Str:  6    XL:     3   Next: 62%
Magic:  7/7        EV: 18    Int: 15    God:
Gold:   127        SH:  0    Dex: 16    Spells: 0/6 levels left
                                        Lives:  0   Deaths: 0

rFire    . . .     SeeInvis +     - Unarmed
rCold    . . .     Gourm    .   (shield unavailable)
rNeg     . . .     Faith    .   (armour unavailable)
rPois    .         Spirit   .   (helmet unavailable)
rElec    .         Reflect  .   (cloak unavailable)
rCorr    .         Harm     .   (gloves unavailable)
MR       .....                  (boots unavailable)
Stlth    ++........             e - amulet of magic regeneration
HPRegen  0.05/turn              (no ring)
MPRegen  0.35/turn              (no ring)

@: appendage, quick
A: very small, no armour, no weapons or thrown items, stealth, claws 1, fangs 3,
horns 2, see invisible, carnivore, speed 1, shaggy fur 1, slow metabolism 1,
sharp paws
a: End Transformation


You were on level 2 of the Dungeon.
You were not hungry.
You had grown temporary horns.
You visited 1 branch of the dungeon, and saw 2 of its levels.

You collected 127 gold pieces.

Inventory:

Missiles
 a - 27 arrows
Jewellery
 e - an amulet of magic regeneration (around neck)
Scrolls
 d - 4 scrolls of identify {unknown}
 f - a scroll of enchant weapon {unknown}
 i - a scroll of enchant armour {unknown}
Potions
 g - a potion of heal wounds {unknown}
 h - a potion of curing {unknown}
Books
 b - a book of Changes

   Spells                             Type                      Level
   a - Beastly Appendage              Transmutation                1
   b - Sticks to Snakes               Transmutation                2
   c - Spider Form                    Transmutation/Poison         3
   d - Ice Form                       Ice/Transmutation            4
   e - Blade Hands                    Transmutation                5
Comestibles
 c - 5 rations


   Skills:
 - Level 1.0 Fighting
 - Level 2.6 Dodging
 + Level 4.7 Unarmed Combat
 - Level 2.0 Spellcasting
 - Level 2.1 Transmutations


You couldn't memorise any spells.
You knew the following spells:

 Your Spells              Type           Power        Failure   Level  Hunger
a - Beastly Appendage     Tmut           #.....       9%          1    #......
b - Sticks to Snakes      Tmut           #.......     14%         2    ###....
c - Spider Form           Tmut/Pois      #.........   38%         3    ###....


Dungeon Overview and Level Annotations

Branches:
Dungeon (2/15)

Altars:
Ashenzari


Innate Abilities, Weirdness & Mutations

You cannot wear armour.
You are incapable of wielding weapons or throwing items.
Your paws allow you to move quietly. (Stealth)
You have sharp claws.
You have razor-sharp teeth.
You have supernaturally acute eyesight. (SInv)
You are carnivorous and can eat meat at any time.
You cover ground quickly.
You are covered in fur. (AC +1)
You have a slow metabolism.
Your sharp claws are effective at attacking unaware monsters.
You have a pair of horns on your head.


Message History

The kobold closely misses you.
A dart slug comes into view.
You miss the kobold. The kobold misses you.
You scratch the kobold but do no damage.
The kobold hits you.
You barely miss the kobold.
Your horns disappear.
The kobold misses you.
You miss the kobold. The kobold misses you.
Casting: Beastly Appendage
Confirm with . or Enter, or press ? or * to list all spells.
You grow a pair of large bovine horns.
The kobold hits you.
* * * LOW HITPOINT WARNING * * *
The leopard gecko hisses angrily.
You scratch the kobold but do no damage.
Things that are here:
an adder corpse; a giant cockroach corpse; a bat corpse The leopard gecko closely misses you.
The leopard gecko bites you.
You die...

.# ##.# #.. ... #.## #.# #
###.< #.# ##. #...####
#.###.. ## #...@..#
##.##..#
####..#....lK#######..#....
..........$...†..w........#
.............####.>.....#>#
.............# #......##.#
.............# #.....###..
.g.....w....## #.....# ###
.w..........# #######
...l........#


You could see a worm (wandering), a leopard gecko and a kobold.

Vanquished Creatures
  2 adders (D:2)
  A dart slug (D:1)
  A leopard gecko (D:1)
  A giant cockroach (D:2)
  3 goblins
  4 hobgoblins
  2 ball pythons
  7 bats
  4 frilled lizards (D:1)
  5 kobolds
  3 rats
33 creatures vanquished.

Notes
Turn   | Place    | Note
-------+----------+-------------------------------------------
     0 | D:1      | inc the Felid Transmuter began the quest for the Orb.
     0 | D:1      | Reached XP level 1. HP: 9/9 MP: 4/4
   233 | D:1      | Reached XP level 2. HP: 11/12 MP: 4/6
   756 | D:1      | Reached skill level 4 in Unarmed Combat
  1128 | D:1      | Found a shattered altar of Ashenzari.
  1211 | D:1      | Reached XP level 3. HP: 15/15 MP: 7/7
  1307 | D:2      | Learned a level 2 spell: Sticks to Snakes
  1311 | D:2      | Learned a level 3 spell: Spider Form
  1587 | D:2      | Slain by a leopard gecko

Skill      XL: |  1  2 |
---------------+-------+-----
Unarmed Combat | 4 |  4.7
Fighting       | |  1.0
Dodging        | |  2.6
Spellcasting   | |  2.0
Transmutations | |  2.1

Action                   || total
-------------------------++-------
Melee: Unarmed           ||    95
       Bite              ||     8
       Headbutt          ||     9
       Punch             ||     1
 Cast: Beastly Appendage ||    10
 Stab: Sleeping          ||     5
Armor: Skin              ||    15
Dodge: Dodged            ||   121
